 Dungeon Crawl Stone Soup version 0.30.1-9-gdf580d7c3d (webtiles) character file.

Game seed: 10603770431294896407

339419 LynnLen the Acrobat (level 21, -8/127 HPs)
             Began as a Spriggan Enchanter on Sept 30, 2023.
             Was the Champion of Dithmenos.
             Killed from afar by an acid blob (31 damage)
             ... with a splash of acid
             ... on level 3 of the Pits of Slime on Oct 4, 2023.
             The game lasted 06:21:43 (95004 turns).

LynnLen the Acrobat (Spriggan Enchanter)           Turns: 95004, Time: 06:21:44

Health: -8/127     AC:  3    Str:  4    XL:     21   Next: 5%
Magic:  44/53      EV: 34    Int: 26    God:    Dithmenos [******]
Gold:   293        SH:  0    Dex: 17    Spells: 5/57 levels left

rFire   + . .        G - +4 quick blade (venom)
rCold   + . .        (no shield)
rNeg    . . .        M - +5 steam dragon scales
rPois   +            a - +2 hat {Will+}
rElec   +            o - +2 cloak {Will+}
rCorr   .            (gloves unavailable)
SInv    +            (boots unavailable)
Will    +++++        D - amulet "Xokeutre" {RegenMP Stlth+} Stlth ******++++
                     t - ring "Veugopae" {rElec rPois rC+ Will+ MP+9}
HPRegen 0.41/turn    i - ring of wizardry
MPRegen 0.73/turn

%: wizardry (x1)
@: corroded, wreathed by umbra, very quick
A: very small, no large weapons, unfitting armour, see invisible, speed 3, horns
1, fire resistance 1, robust 1, MP-powered wands
}: 2/15 runes: decaying, serpentine
a: Renounce Religion, Shadow Step, Shadow Form


You were on level 3 of the Pits of Slime.
You worshipped Dithmenos.
Dithmenos was exalted by your worship.
You visited 8 branches of the dungeon, and saw 40 of its levels.
You visited 2 bazaars.
You also visited: Sewer, Bailey and Ice Cave.

You collected 6338 gold pieces.
You spent 6045 gold pieces at shops.

Inventory:

Hand Weapons
 G - a +4 quick blade of venom (weapon)
Armour
 a - a +2 hat of willpower (worn)
 o - a +2 cloak of willpower (worn)
 M - +5 steam dragon scales (worn)
Jewellery
 b - a ring of poison resistance
 c - a ring of protection from fire
 d - a ring of resist corrosion
 h - a +6 ring of intelligence
 i - a ring of wizardry (right hand)
 q - the brooch of Shielding {Spirit SH+8}
   (You found it in a sewer)

   [amulet of guardian spirit]

   It causes incoming damage to be divided between your reserves of health and
   magic.
   SH:        It affects your SH (+8).
 t - the ring "Veugopae" (left hand) {rElec rPois rC+ Will+ MP+9}
   (You found it on level 7 of the Dungeon)

   [ring of willpower]

   rC:        It protects you from cold.
   rElec:     It insulates you from electricity.
   rPois:     It protects you from poison.
   MP:        It affects your magic capacity (+9).
   Will:      It increases your willpower.
 w - a ring of flight
 y - a ring of protection from cold
 A - the ring "Necy" {Int+3 Dex+6}
   (You found it on level 9 of the Dungeon)

   [ring of dexterity]

   Int:       It affects your intelligence (+3).
   Dex:       It affects your dexterity (+6).
 D - the amulet "Xokeutre" (around neck) {RegenMP Stlth+}
   (You bought it in a shop on level 1 of the Vaults)

   [amulet of magic regeneration]

   It increases your rate of magic regeneration.
   Stlth:     It makes you more stealthy.
 K - the ring "Qianued" {rN++ Slay+4 Stlth+}
   (You found it on level 6 of the Dungeon)

   [ring of slaying]

   Slay:      It affects your accuracy & damage with ranged weapons and melee
   (+4).
   rN:        It greatly protects you from negative energy.
   Stlth:     It makes you more stealthy.
 P - a +6 ring of intelligence
 U - a ring of positive energy
 V - the ring "Koafry" {Fire rPois rN+ Will+ Int+3}
   (You bought it in a shop on level 2 of the Orcish Mines)

   [ring of fire]

   It enhances your fire magic.
   Int:       It affects your intelligence (+3).
   rF:        It protects you from fire.
   rC:        It makes you vulnerable to cold.
   rPois:     It protects you from poison.
   rN:        It protects you from negative energy.
   Will:      It increases your willpower.
 W - the amulet "Miocyul" {Reflect rPois Str+3 SH+5 Stlth+}
   (You found it on level 8 of the Dungeon)

   [amulet of reflection]

   It reflects blocked missile attacks.
   Str:       It affects your strength (+3).
   rPois:     It protects you from poison.
   SH:        It affects your SH (+5).
   Stlth:     It makes you more stealthy.
 Y - a +4 ring of protection
 Z - a ring of positive energy
Wands
 l - a wand of digging (9)
 s - a wand of polymorph (25)
 F - a wand of iceblast (53)
 J - a wand of flame (61)
 Q - a wand of mindburst (32)
 X - a wand of light (19)
Scrolls
 g - 7 scrolls of immolation
 k - 2 scrolls of torment
 m - 5 scrolls of poison
 p - 5 scrolls of fog
 u - 10 scrolls of fear
 v - 8 scrolls of teleportation
 x - 5 scrolls of vulnerability
 C - 4 scrolls of amnesia
 L - 4 scrolls of magic mapping
 O - a scroll of blinking
Potions
 e - 9 potions of mutation
 f - 8 potions of haste
 j - 29 potions of curing
 n - 4 potions of magic
 r - 9 potions of lignification
 z - 4 potions of flight
 B - 4 potions of might
 E - 4 potions of cancellation
 I - 6 potions of brilliance
 N - a potion of heal wounds
 R - a potion of resistance
 S - 8 potions of attraction
 T - 5 potions of berserk rage
Miscellaneous
 H - a phial of floods


   Skills:
 + Level 14.5 Fighting
 - Level 10.0 Short Blades
 * Level 22.2 Dodging
 + Level 20.3 Stealth
 + Level 18.9 Spellcasting
 * Level 7.7 Conjurations
 - Level 9.4 Hexes
 - Level 6.7 Necromancy
 - Level 5.3 Transmutations
 - Level 6.2 Fire Magic
 + Level 8.2 Air Magic
 + Level 8.0 Earth Magic
 + Level 9.0 Invocations


You had 5 spell levels left.
You knew the following spells:

 Your Spells              Type           Power      Damage    Failure   Level
a - Ensorcelled Hibernat  Hex/Ice        98%        N/A       1%          2
b - Confusing Touch       Hex            65%        N/A       1%          3
c - Tukima's Dance        Hex            65%        N/A       1%          3
d - Sublimation of Blood  Necr           56%        N/A       1%          2
e - Borgnjor's Vile Clut  Necr/Erth      29%        N/A       1%          5
f - Dazzling Flash        Conj/Hex       100%       N/A       1%          3
g - Yara's Violent Unrav  Hex/Tmut       29%        3d12      1%          5
h - Fireball              Conj/Fire      28%        3d12      1%          5
i - Conjure Ball Lightni  Conj/Air       30%        3x3d10    4%          6
j - Fulminant Prism       Conj/Hex       31%        3d15      1%          4
k - Iron Shot             Conj/Erth      30%        9d6       4%          6
l - Lehudib's Crystal Sp  Conj/Erth      30%        10d8      86%         8

Your spell library contained the following spells:

 Spells                   Type           Power      Damage    Failure   Level
 Kiss of Death            Conj/Necr      100%       2d13      1%          1
 Sandblast                Erth           100%       2d20      1%          1
 Blink                    Tloc           48%        N/A       1%          2
 Lesser Beckoning         Tloc           48%        N/A       1%          2
 Momentum Strike          Conj/Tloc      88%        3d10      1%          2
 Passwall                 Tmut/Erth      46%        N/A       1%          2
 Poisonous Vapours        Pois/Air       92%        N/A       1%          2
 Static Discharge         Conj/Air       100%       2-7/arc   1%          2
 Wereblood                Tmut           51%        N/A       1%          2
 Inner Flame              Hex/Fire       60%        N/A       1%          3
 Mephitic Cloud           Conj/Pois/Air  51%        N/A       1%          3
 Stone Arrow              Conj/Erth      100%       3d13      1%          3
 Swiftness                Air            61%        N/A       1%          3
 Volatile Blastmotes      Fire/Tloc      80%        2d16      1%          3
 Airstrike                Air            30%        2d(5-21)  1%          4
 Animate Dead             Necr           56%        N/A       1%          4
 Cause Fear               Hex            32%        N/A       1%          4
 Dispel Undead            Necr           56%        3d20      1%          4
 Flame Wave               Conj/Fire      57%        2d14      1%          4
 Iskenderun's Mystic Bla  Conj/Tloc      44%        2d10      1%          4
 Petrify                  Tmut/Erth      56%        N/A       1%          4
 Sticky Flame             Conj/Fire      57%        2d7       1%          4
 Summon Lightning Spire   Summ/Air       46%        N/A       1%          4
 Irradiate                Conj/Tmut      27%        3d20      1%          5
 Iskenderun's Battlesphe  Conj           60%        2d11      1%          5
 Lee's Rapid Deconstruct  Erth           30%        3d16*     1%          5
 Ice Form                 Ice/Tmut       38%        N/A       2%          4
 Blade Hands              Tmut           25%        N/A       2%          5
 Freezing Cloud           Conj/Ice/Air   25%        6-21      2%          5
 Summon Mana Viper        Hex/Summ       49%        N/A       3%          5
 Alistair's Intoxication  Tmut/Pois      25%        N/A       7%          5
 Manifold Assault         Tloc           24%        N/A       8%          4
 Passage of Golubria      Tloc           24%        N/A       8%          4
 Summon Forest            Summ/Tloc      12%        N/A       21%         5
 Starburst                Conj/Fire      28%        6d9       6%          6
 Death Channel            Necr           28%        N/A       7%          6
 Orb of Destruction       Conj           30%        9d10      26%         7
 Eringya's Noxious Bog    Tmut/Pois      19%        N/A       34%         6
 Dragon Form              Tmut           25%        N/A       54%         7
 Dispersal                Tloc           12%        N/A       71%         6
 Summon Cactus Giant      Summ           12%        N/A       71%         6
 Spellforged Servitor     Conj/Summ      22%        N/A       75%         7
 Maxwell's Capacitive Co  Air            30%        ∞         82%         8
 Summon Hydra             Summ           12%        N/A       99%         7
 Disjunction              Tloc           12%        N/A       100%        8
 Dragon's Call            Summ           12%        N/A       100%        9


Dungeon Overview and Level Annotations

Branches:
Dungeon (15/15)            Temple (1/1) D:6            Lair (5/5) D:8
  Swamp (4/4) Lair:3        Snake (4/4) Lair:3        Slime (4/5) Lair:5
    Orc (2/2) D:12            Elf (0/3) Orc:2        Vaults (5/5) D:13
  Crypt (0/3) Vaults:2     Depths (0/4) D:15          Sewer (visited)
 Bailey (visited)           IceCv (visited)

Altars:
Ashenzari
Cheibriados
Dithmenos
Elyvilon
Fedhas
Gozag
Hepliaklqana
Kikubaaqudgha
Makhleb
Nemelex Xobeh
Okawaru
Qazlal
Ru
Sif Muna
Trog
Uskayaw
Vehumet
Wu Jian
Xom
Yredelemnul
Zin
The Shining One
Jiyva

Shops:
D:1 *   D:7 [=:   D:12 [   D:13 [   Orc:2 =(*[   Snake:2 ![[   Vaults:1 ?*
Vaults:2 ?

Portals:
Abyss: D:13

Annotations:
D:13 Irphioq's ghost, journeyman MiMo
Slime:1 exclusion: downstairs
Slime:2 exclusion: upstairs, Dissolution
Vaults:1 hyperkahler's ghost, veteran MiFi
Vaults:5 Sojobo


Innate Abilities, Weirdness & Mutations

You are very small and have problems with some larger weapons.
You are too small for most types of armour.
You have supernaturally acute eyesight. (SInv)
You cover ground extremely quickly. (Speed+++)
You have a pair of small horns on your head.
Your flesh is heat resistant. (rF+)
You are robust. (+10% HP)
You expend magic power (3 MP) to strengthen your wands.


Message History

The splash of acid hits you!!
You emit a cloud of dark smoke.
The rockslime hits you!!
You stumble backwards!
You stop ascending the stairs.
Unknown command.
The rockslime misses you. The rockslime closely misses you.
The acid blob completely misses you. The rockslime completely misses you.
The acid blob spits acid at you. The splash of acid hits you!
There is a stone staircase leading up, spattered with blood here.
The rockslime barely misses you. The acid blob hits you!
You emit a cloud of dark smoke.
The acid corrodes you!
You are splashed with acid!
The rockslime barely misses you.
You climb upwards.
There is a stone staircase leading down here.
Unknown command.
The acid blob closely misses you.
Aiming: Iron Shot (dangerous; 4% risk of failure)
Press: ? - help, Q - select action, (/) - cycle Shift-Dir - straight line, f - rockslime
Aim: a rockslime (umbra, 100% to hit)
The iron shot hits the rockslime!!
The rockslime is heavily wounded.
Your shadow mimicks your spell!
The shadow shard hits the rockslime!!
Aiming: Iron Shot (dangerous; 4% risk of failure)
Press: ? - help, Q - select action, (/) - cycle Shift-Dir - straight line, f/p - rockslime
Aim: a rockslime (almost dead, umbra, 100% to hit)
The iron shot hits the rockslime!
You kill the rockslime!
Dithmenos accepts your kill.
Your shadow mimicks your spell!
The acid blob spits acid at you. The splash of acid hits you!!
* * * LOW HITPOINT WARNING * * *
You emit a cloud of dark smoke.
The acid corrodes you!
As you read the scroll of fear, it crumbles to dust.
You assume a fearsome visage.
The acid blob resists with almost no effort.
The acid blob spits acid at you. The splash of acid hits you!!
You die...

##..^#........>.........#
###.###.##..............#
..#.#######............##
.....#####............##
......#..#.......#.....#
...............###.....##
.......<......§.§...#...#
..............§§§§.....##
........>.....§J@§....##
.................§....#
...##................##
..............#...#.##
.#.#...............##
....................#
....................#
...........#.#.###...#
............#### #......


You could see an acid blob.

Vanquished Creatures
  A dread lich (Vaults:3)
  Mara (Vaults:2)
  the Lernaean hydra (Swamp:4)
  Nikola (Snake:3)
  A golden dragon (Vaults:4)
  2 tentacled monstrosities (Snake:1)
  Zenata (Vaults:2)
  A lich (Vaults:2)
  3 acid blobs
  The ghost of Demyinn the Geomancer, an adept DgEE (Snake:1)
  The ghost of TekDriveTruck the Brawler, an adept TrMo of Okawaru (Snake:2)
  A thorn hunter (Snake:1)
  A tengu reaver (Vaults:2)
  2 fire giants
  An azure jelly (Slime:2)
  5 rockslimes
  A nagaraja (Snake:3)
  Louise (D:14)
  A ghoul (Lair:3)
  17 vault wardens
  13 ironbound preservers
  3 orc warlords
  2 stone giants (Vaults:5)
  A quicksilver ooze (Slime:2)
  A war gargoyle (Vaults:5)
  8 very ugly things
  9 ironbound thunderhulks
  The ghost of ShellytheWitch the Unseen, a journeyman KoBr of Dithmenos (Orc:1)
  A deep elf annihilator (Vaults:1)
  4 eleionomae
  18 dire elephants
  A white draconian (IceCv)
  7 bunyips
  An ettin (Vaults:4)
  An entropy weaver (Vaults:2)
  Josephine (D:14)
  14 yaktaur captains
  2 great orbs of eyes
  2 rakshasas (D:9)
  The ghost of pop123321pop the Fighter, a journeyman HuFi of Qazlal (Lair:2)
  27 hydras
  A salamander tyrant (Snake:1)
  25 vault guards
  3 catoblepae
  A ghost crab (Swamp:2)
  4 boulder beetles
  3 centaur warriors
  15 anacondas
  17 naga warriors
  7 ironbound frosthearts
  7 alligators
  2 death knights (D:14)
  A deep troll shaman (Lair:5)
  A hell hog (D:13)
  11 death yaks (Lair:5)
  3 two-headed ogres
  A vampire mage (Vaults:2)
  7 shock serpents
  15 naga sharpshooters
  4 orc high priests
  A thrashing horror (D:13)
  4 spriggans
  A hell knight (Vaults:5)
  3 skysharks
  7 salamander mystics
  5 skeletal warriors
  Amaemon (D:9)
  17 swamp dragons
  28 deep trolls
  A death drake (Swamp:4)
  5 goliath frogs
  6 bog bodies
  16 lindwurms
  19 ironbound convokers
  Pikel (D:7)
  3 spriggan druids
  6 naga ritualists
  4 wizards
  A necromancer (Vaults:1)
  2 phantasmal warriors (D:14)
  An obsidian statue (Vaults:1)
  2 oklob plants
  2 deep elf pyromancers
  3 manticores
  10 orc knights
  13 mana vipers
  3 cyclopes
  A wolf spider (D:15)
  30 ugly things
  2 shining eyes
  A tengu skeleton (Vaults:1)
  4 will-o-the-wisps
  4 orc sorcerers
  A dancing weapon (Orc:1)
  22 salamanders
  29 black mambas
  4 elephants (Lair:5)
  9 vault sentinels
  15 naga magi
  10 guardian serpents
  The ghost of tizbic2 the Gusty, a novice DrAE (D:5)
  A torpor snail (Lair:5)
  3 gargoyles
  An orange demon (D:9)
  9 cane toads
  5 freezing wraiths
  Maggie (D:7)
  5 rime drakes
  An unseen horror (D:12)
  A kobold demonologist (D:11)
  26 yaktaurs
  10 komodo dragons
  2 tengu conjurers
  A yaktaur skeleton (Vaults:1)
  3 meliai (D:13)
  A bloated husk (Swamp:1)
  6 hornets
  7 tyrant leeches
  A tengu simulacrum (Vaults:1)
  4 polar bears
  12 trolls
  6 dream sheep (Lair:4)
  4 spectral black mambas (Snake:1)
  7 blink frogs
  2 jumping spiders (Vaults:2)
  2 shadows
  41 slime creatures
  7 wyverns
  3 vampires (Vaults:2)
  9 wraiths
  4 basilisks
  31 yaks
  A spectral naga (Snake:1)
  A steam dragon (D:7)
  A golden eye (shapeshifter) (D:14)
  23 vampire mosquitoes
  4 wargs
  18 swamp worms
  Duvessa (D:6)
  45 nagas
  15 water moccasins
  6 acid dragons
  A guardian serpent simulacrum (Snake:1)
  10 swamp drakes
  2 ice beasts
  3 black bears
  27 orc warriors
  22 wolves
  An ogre (D:7)
  10 centaurs
  2 phantoms
  4 kobold brigands
  A gnoll sergeant (D:9)
  19 bullfrogs
  11 scorpions
  2 necrophages (Lair:3)
  4 naga simulacra (Snake:1)
  3 cane toad simulacra (Lair:4)
  Dowan (D:6)
  A wyvern skeleton (D:5)
  8 wights
  23 killer bees
  2 lindwurm simulacra (IceCv)
  5 howler monkeys
  An electric eel (Lair:5)
  3 lava snakes (Lair:3)
  3 komodo dragon simulacra (IceCv)
  9 hounds
  4 jellies
  20 orc priests
  Crazy Yiuf (D:3)
  A bullfrog skeleton (D:5)
  6 iguanas
  Jessica (D:3)
  A sleepcap (D:7)
  Ijyb (D:3)
  Terence (D:3)
  18 orc wizards
  A polar bear simulacrum (Lair:4)
  A wolf simulacrum (Lair:4)
  6 gnolls
  5 acid dragon simulacra (IceCv)
  7 adders
  A shadow imp (D:6)
  A white imp (D:7)
  11 steam dragon simulacra (IceCv)
  2 worms
  2 dart slugs
  95 orcs
  19 ball pythons
  3 bats
  21 endoplasms
  13 giant cockroaches
  7 goblins
  3 hobgoblins
  3 jackals (D:5)
  12 quokkas
  16 frilled lizards
  12 kobolds
  3 rats
  2 butterflies (D:6)
1397 creatures vanquished.

Vanquished Creatures (collateral kills)
  Vashnia (Snake:2)
  An orc warlord (Orc:2)
  A vault guard (D:13)
  A centaur warrior (D:11)
  2 tengu warriors (D:13)
  An orc high priest (Orc:2)
  2 naga sharpshooters
  2 orc knights (Orc:2)
  An orc sorcerer (Orc:2)
  A yaktaur (Vaults:2)
  A naga (Snake:4)
  17 orc warriors
  2 ogres
  5 centaurs
  4 wights
  3 orc priests (Orc:2)
  5 orc wizards
  3 gnolls
  39 orcs
  3 goblins (D:8)
  4 kobolds
99 creatures vanquished.

Vanquished Creatures (others)
  An ogre mage (Vaults:5)
  4 naga sharpshooters (Snake:2)
  A guardian serpent (Snake:2)
  2 naga magi (Snake:2)
  A bloated husk (Swamp:1)
  32 dancing weapons
  3 nagas (Snake:2)
  An ogre (D:4)
  An iguana (D:4)
  An adder (D:4)
  An orc (Orc:2)
  A quokka (D:8)
  46 ball lightnings
  17 foxfires
  7 fulminant prisms
119 creatures vanquished.

Grand Total: 1615 creatures vanquished

Notes
Turn   | Place    | Note
-------+----------+-------------------------------------------
     0 | D:1      | LynnLen the Spriggan Enchanter began the quest for the Orb.
     0 | D:1      | Reached XP level 1. HP: 9/9 MP: 5/5
   744 | D:1      | Reached XP level 2. HP: 13/13 MP: 6/6
   750 | D:1      | Learned a level 2 spell: Ensorcelled Hibernation
  1405 | D:1      | Found Memiaq's General Store.
  1586 | D:1      | Reached skill level 3 in Dodging
  1623 | D:1      | Reached XP level 3. HP: 17/17 MP: 8/8
  1763 | D:1      | Bought a scroll of identify for 20 gold pieces
  1763 | D:1      | Bought a scroll of identify for 20 gold pieces
  2413 | D:2      | Learned a level 3 spell: Confusing Touch
  2417 | D:2      | Learned a level 3 spell: Tukima's Dance
  2473 | D:2      | Found a faded altar of an unknown god.
  3067 | D:3      | You fall into a shaft and drop 3 floors!
  3098 | D:6      | Reached XP level 4. HP: 18/21 MP: 1/9
  3154 | D:6      | Reached skill level 1 in Fighting
  3214 | D:6      | Reached skill level 5 in Stealth
  3214 | D:6      | Reached XP level 5. HP: 25/25 MP: 6/11
  3242 | D:5      | Entered Level 5 of the Dungeon
  3242 | D:5      | Found an ancient bone altar of Kikubaaqudgha.
  3246 | D:5      | Noticed a phantom
  3262 | D:5      | Found a transporter.
  3316 | D:5      | Reached skill level 5 in Hexes
  3419 | D:3      | Found a glowing drain.
  3454 | Sewer    | Entered a sewer
  4380 | Sewer    | Reached XP level 6. HP: 29/30 MP: 9/12
  4816 | Sewer    | Found the brooch of Shielding {Spirit SH+8}
  4948 | Sewer    | Reached skill level 4 in Dodging
  5082 | D:3      | Noticed Terence
  5085 | D:3      | Noticed Ijyb
  5093 | D:3      | Noticed Jessica
  5098 | D:3      | Killed Terence
  5114 | D:3      | Killed Ijyb
  5268 | D:3      | Reached XP level 7. HP: 24/34 MP: 5/14
  5272 | D:3      | Killed Jessica
  5975 | D:3      | Found a runed translucent door.
  5976 | D:3      | Noticed Crazy Yiuf
  5984 | D:3      | Killed Crazy Yiuf
  6207 | D:1      | Bought 3 scrolls of vulnerability for 120 gold pieces
  6527 | D:4      | Found a shimmering altar of Xom.
  7125 | D:4      | Reached skill level 5 in Short Blades
  7443 | D:4      | Reached XP level 8. HP: 39/39 MP: 12/15
  7728 | D:5      | Reached skill level 5 in Dodging
  7732 | D:5      | Found a transporter.
  7732 | D:5      | Noticed tizbic2's ghost (novice DrAE)
  8009 | D:5      | Reached skill level 5 in Spellcasting
  8531 | D:6      | Noticed Duvessa
  8537 | D:6      | Noticed Dowan
  8551 | D:6      | Killed Duvessa
  8563 | D:6      | Killed Dowan
  8720 | D:6      | Identified the ring "Qianued" {rN++ Slay+4 Stlth+}
  8728 | D:6      | Found a runed translucent door.
  8730 | D:6      | Found a runed translucent door.
  9072 | D:6      | Found a staircase to the Ecumenical Temple.
  9418 | Temple   | Entered the Ecumenical Temple
  9610 | Temple   | Became a worshipper of Dithmenos the Shadowed
  9666 | D:7      | Found Laton's Armour Emporium.
  9666 | D:7      | Found Nemacitz's Jewellery Emporium.
  9666 | D:7      | Found Wedualo's Book Emporium.
  9953 | D:7      | Reached XP level 9. HP: 44/44 MP: 10/18
  9958 | D:7      | Reached skill level 6 in Dodging
 10132 | D:7      | Identified the ring "Veugopae" {rElec rPois rC+ Will+ MP+9}
 10721 | D:7      | Noticed Pikel
 10733 | D:7      | Killed Pikel
 10743 | D:7      | Noticed Maggie
 10798 | D:7      | Reached skill level 7 in Dodging
 10920 | D:7      | Learned a level 2 spell: Sublimation of Blood
 10926 | D:7      | Learned a level 5 spell: Borgnjor's Vile Clutch
 10955 | D:7      | Killed Maggie
 11333 | D:8      | Found a flagged portal.
 11344 | D:8      | Reached * piety under Dithmenos
 11401 | Bailey   | Entered a bailey
 11408 | Bailey   | Reached skill level 1 in Necromancy
 11607 | Bailey   | Reached skill level 1 in Earth Magic
 11743 | Bailey   | Reached XP level 10. HP: 49/49 MP: 21/21
 12910 | Bailey   | Reached skill level 10 in Stealth
 13013 | Bailey   | Identified the +0 great sword "Voiviep" {heavy, *Rage rElec
                  | rPois Int+5}
 13238 | D:7      | Reached XP level 11. HP: 54/54 MP: 29/29
 13437 | D:8      | Reached ** piety under Dithmenos
 13736 | D:8      | Reached skill level 8 in Dodging
 13919 | D:8      | Found a staircase to the Lair.
 13972 | D:8      | Identified the amulet "Miocyul" {Reflect rPois Str+3 SH+5
                  | Stlth+}
 13979 | D:8      | Found a white marble altar of Elyvilon.
 14317 | D:8      | Found an ornate altar of the Wu Jian Council.
 14375 | Lair:1   | Entered Level 1 of the Lair of Beasts
 15102 | Lair:1   | Reached skill level 5 in Fighting
 15430 | Lair:1   | Reached *** piety under Dithmenos
 15448 | Lair:1   | Reached XP level 12. HP: 60/60 MP: 29/30
 16180 | Lair:2   | Found a transporter.
 16182 | Lair:2   | Found a transporter.
 16184 | Lair:2   | Noticed a seven-headed hydra
 16202 | Lair:2   | Noticed pop123321pop's ghost (journeyman HuFi)
 16386 | Lair:2   | Reached skill level 10 in Short Blades
 16645 | Lair:2   | Noticed a catoblepas
 16738 | Lair:2   | Learned a level 3 spell: Dazzling Flash
 16840 | Lair:2   | You fall into a shaft and drop 2 floors!
 16845 | Lair:4   | Reached skill level 9 in Dodging
 16856 | Lair:4   | Got the Papyrus of Fulmination
 17111 | Lair:4   | Found a frozen archway.
 17199 | IceCv    | Entered an ice cave
 17774 | IceCv    | Noticed a white draconian
 17951 | IceCv    | Killed a white draconian
 17951 | IceCv    | Reached **** piety under Dithmenos
 18443 | Lair:4   | Reached skill level 10 in Dodging
 19303 | Lair:3   | Identified a scroll of acquirement
 19575 | Lair:3   | Found a staircase to the Swamp.
 19644 | Lair:3   | Found a staircase to the Snake Pit.
 20236 | Lair:3   | Reached skill level 11 in Dodging
 20242 | Lair:3   | Reached XP level 13. HP: 66/66 MP: 25/32
 20705 | Lair:2   | Acquired 760 gold pieces
 20805 | Lair:5   | Entered Level 5 of the Lair of Beasts
 20944 | Lair:5   | Reached ***** piety under Dithmenos
 21005 | Lair:5   | Reached skill level 5 in Earth Magic
 21297 | Lair:5   | Reached skill level 5 in Necromancy
 21902 | Lair:5   | Reached skill level 12 in Dodging
 22885 | Lair:5   | Identified the amulet "Zud Up Nedu" {Reflect rN++ Str-4
                  | SH+5}
 22906 | Lair:5   | Found a viscous altar of Jiyva.
 22906 | Lair:5   | Found a staircase to the Slime Pits.
 23833 | Lair:5   | Reached skill level 13 in Dodging
 24009 | Lair:5   | Reached XP level 14. HP: 73/73 MP: 33/33
 25411 | D:9      | Reached skill level 15 in Spellcasting
 25790 | D:9      | Noticed Amaemon
 25798 | D:9      | Killed Amaemon
 26412 | D:9      | Identified the +2 robe "Terompunoa" {Str+4}
 27031 | D:9      | Identified the ring "Necy" {Int+3 Dex+6}
 27044 | D:9      | Identified the +5 ring mail of Magic {+Blink rC- rN+++
                  | MP+9}
 27275 | D:10     | Entered Level 10 of the Dungeon
 27847 | D:10     | Found an iron altar of Okawaru.
 27850 | D:10     | Found a radiant altar of Vehumet.
 27890 | D:10     | Reached ****** piety under Dithmenos
 28112 | D:10     | Found a broken altar of Ashenzari.
 28117 | D:10     | Found a glowing golden altar of the Shining One.
 28648 | D:11     | Reached skill level 14 in Dodging
 29101 | D:11     | Acquired a +2 quick blade of venom
 29168 | D:12     | Found Rithraja's Antique Armour Shoppe.
 29633 | D:12     | Found a staircase to the Orcish Mines.
 30167 | D:12     | Learned a level 5 spell: Yara's Violent Unravelling
 30480 | D:13     | Found Aqenk's Armour Boutique.
 30480 | D:13     | Found a gate to the Vaults.
 30804 | D:13     | Reached skill level 1 in Transmutations
 31639 | D:13     | Reached XP level 15. HP: 80/80 MP: 26/35
 31818 | D:13     | Found a transporter.
 32091 | D:13     | Reached skill level 15 in Dodging
 32317 | D:13     | Found a transporter.
 32593 | D:14     | Found a blossoming altar of Fedhas.
 32783 | D:14     | Noticed Louise
 32794 | D:14     | Killed Louise
 32984 | D:14     | Noticed Josephine
 33053 | D:14     | Killed Josephine
 33078 | D:14     | Reached skill level 10 in Fighting
 33261 | D:14     | Reached skill level 15 in Stealth
 34114 | D:15     | Entered Level 15 of the Dungeon
 34330 | D:15     | Found a glowing golden altar of the Shining One.
 34604 | D:15     | Got the Encyclopedia of Gusty Refrigeration
 35168 | D:15     | Found a staircase to the Depths.
 35383 | Orc:1    | Entered Level 1 of the Orcish Mines
 35975 | Orc:1    | Found a runed translucent gate.
 35975 | Orc:1    | Found a runed translucent gate.
 35976 | Orc:1    | Found a runed translucent gate.
 35979 | Orc:1    | Identified the +9 plate armour of Joy {Harm rElec rN++
                  | Dex-4}
 35983 | Orc:1    | Noticed ShellytheWitch's ghost (journeyman KoBr)
 36084 | Orc:2    | Entered Level 2 of the Orcish Mines
 36205 | Orc:1    | Reached skill level 16 in Dodging
 36716 | Orc:2    | Found a staircase to the Elven Halls.
 38665 | Orc:2    | Reached skill level 5 in Transmutations
 39744 | Orc:2    | Found Iroozuobb's General Store.
 39745 | Orc:2    | Found Owaguever's Jewellery Shop.
 39747 | Orc:2    | Found Foaduver's Antique Armour Boutique.
 39747 | Orc:2    | Found Emiag's Antique Weapon Boutique.
 39774 | Orc:2    | Bought a potion of invisibility for 96 gold pieces
 39774 | Orc:2    | Bought a scroll of teleportation for 36 gold pieces
 39774 | Orc:2    | Bought a potion of lignification for 36 gold pieces
 39774 | Orc:2    | Bought a potion of curing for 36 gold pieces
 39774 | Orc:2    | Bought a scroll of immolation for 48 gold pieces
 40016 | D:7      | Bought a book of the Spheres for 864 gold pieces
 40016 | D:7      | Bought a book of Transfigurations for 640 gold pieces
 40016 | D:7      | Bought a book of Spectacle for 640 gold pieces
 40022 | D:7      | Learned a level 5 spell: Fireball
 40029 | D:7      | Learned a level 6 spell: Conjure Ball Lightning
 40045 | D:8      | Learned a level 4 spell: Fulminant Prism
 40540 | Snake:1  | Entered Level 1 of the Snake Pit
 40700 | Snake:1  | Reached XP level 16. HP: 66/86 MP: 31/37
 40805 | Snake:1  | Noticed a tentacled monstrosity
 40877 | Snake:1  | Reached skill level 1 in Invocations
 41033 | Snake:1  | Noticed a thorn hunter
 41035 | Snake:1  | Noticed a tentacled monstrosity
 41157 | Snake:1  | Reached skill level 1 in Air Magic
 41359 | Snake:1  | Reached skill level 1 in Fire Magic
 41561 | Snake:1  | Reached skill level 1 in Conjurations
 42020 | Snake:1  | Identified the +1 pair of boots "Ydwidumyl" {rPois rN+
                  | Stlth-}
 42312 | Snake:1  | Found a runed translucent gate.
 42312 | Snake:1  | Found a runed translucent gate.
 42313 | Snake:1  | Found a runed translucent gate.
 42317 | Snake:1  | Noticed Demyinn's ghost (adept DgEE)
 42430 | Snake:2  | Found Egaurill's Distillery.
 42492 | Snake:2  | Noticed Nikola
 42513 | Snake:2  | Found Gauzeirr's Antique Armour Shop.
 42543 | Snake:2  | Noticed Vashnia
 42547 | Snake:2  | Found an ancient bone altar of Kikubaaqudgha.
 42548 | Snake:2  | Found Fuopt's Antique Armour Emporium.
 42592 | Snake:2  | Reached skill level 17 in Dodging
 42709 | Snake:2  | Found a flickering gateway to a bazaar.
 42718 | Bazaar   | Entered a bazaar
 42718 | Bazaar   | Found Mouwk's Antique Weapon Shop.
 42718 | Bazaar   | Found Gunn's Antique Armour Shop.
 42721 | Bazaar   | Found Axtuntud's Distillery.
 42819 | Bazaar   | Bought a potion of cancellation for 104 gold pieces
 42819 | Bazaar   | Bought a potion of curing for 39 gold pieces
 42819 | Bazaar   | Bought a potion of berserk rage for 65 gold pieces
 42819 | Bazaar   | Bought a potion of curing for 39 gold pieces
 42819 | Bazaar   | Bought 2 potions of haste for 260 gold pieces
 42819 | Bazaar   | Bought a potion of curing for 39 gold pieces
 42819 | Bazaar   | Bought a potion of brilliance for 52 gold pieces
 44095 | Snake:2  | Found a runed translucent door.
 44191 | Snake:2  | Noticed TekDriveTruck's ghost (adept TrMo)
 45435 | Snake:2  | Killed Vashnia
 47929 | Snake:3  | Reached XP level 17. HP: 87/93 MP: 37/38
 48688 | Snake:3  | Killed Nikola
 48887 | Snake:4  | Entered Level 4 of the Snake Pit
 48955 | Snake:4  | Found a flickering gateway to a bazaar.
 48958 | Snake:4  | Reached skill level 18 in Dodging
 49056 | Bazaar   | Entered a bazaar
 49279 | Bazaar   | Found Rown's Antique Weapon Emporium.
 49280 | Bazaar   | Found Memaeco's Assorted Antiques.
 49294 | Bazaar   | Found Simmenelu's Jewellery Shoppe.
 49308 | Bazaar   | Found Wiyxelukh's Weapon Shoppe.
 49479 | Snake:4  | Found an ancient bone altar of Kikubaaqudgha.
 52577 | Snake:4  | Reached skill level 5 in Invocations
 52866 | Snake:4  | Got a serpentine rune of Zot
 53417 | Lair:3   | Gained mutation: You are vulnerable to heat. (rF-) [potion
                  | of mutation]
 53417 | Lair:3   | Gained mutation: You sometimes lose your temper in combat.
                  | [potion of mutation]
 53417 | Lair:3   | Gained mutation: You have a pair of small horns on your
                  | head. [potion of mutation]
 53417 | Lair:3   | Gained mutation: Your movements are slightly less
                  | encumbered by armour. (ER -2) [potion of mutation]
 53418 | Lair:3   | Lost mutation: You sometimes lose your temper in combat.
                  | [potion of mutation]
 53418 | Lair:3   | Lost mutation: You are vulnerable to heat. (rF-) [potion of
                  | mutation]
 53418 | Lair:3   | Gained mutation: You expend magic power (3 MP) to
                  | strengthen your wands. [potion of mutation]
 53418 | Lair:3   | Gained mutation: You are covered in fur. (AC +1) [potion of
                  | mutation]
 53419 | Lair:3   | Lost mutation: You are covered in fur. (AC +1) [potion of
                  | mutation]
 53419 | Lair:3   | Lost mutation: Your movements are slightly less encumbered
                  | by armour. (ER -2) [potion of mutation]
 53419 | Lair:3   | Gained mutation: You are robust. (+10% HP) [potion of
                  | mutation]
 53419 | Lair:3   | Gained mutation: Your flesh is heat resistant. (rF+)
                  | [potion of mutation]
 53442 | Swamp:1  | Entered Level 1 of the Swamp
 55940 | Swamp:1  | Reached skill level 19 in Dodging
 56550 | Swamp:1  | Acquired 872 gold pieces
 56936 | Orc:2    | Bought the ring "Koafry" {Fire rPois rN+ Will+ Int+3} for
                  | 836 gold pieces
 57800 | Swamp:1  | Reached XP level 18. HP: 108/108 MP: 26/40
 58589 | Swamp:2  | Identified the amulet "Duonun" {Acrobat Rampage SInv}
 58693 | Swamp:2  | Reached skill level 5 in Air Magic
 60565 | Swamp:4  | Entered Level 4 of the Swamp
 63079 | Swamp:4  | Noticed the 27-headed Lernaean hydra
 63154 | Swamp:4  | Killed the 27-headed Lernaean hydra
 63155 | Swamp:4  | Reached skill level 5 in Fire Magic
 64063 | Swamp:4  | Got a decaying rune of Zot
 64455 | Vaults:1 | Entered Level 1 of the Vaults
 65162 | Vaults:1 | Found Zuunwomi's Magic Scroll Shoppe.
 67502 | Vaults:1 | Reached skill level 5 in Conjurations
 67741 | Vaults:1 | Reached skill level 20 in Dodging
 69232 | Vaults:1 | Found a runed translucent gate.
 69233 | Vaults:1 | Found a runed translucent gate.
 69235 | Vaults:1 | Found a runed translucent gate.
 69364 | Vaults:1 | Reached XP level 19. HP: 105/115 MP: 7/41
 69529 | Vaults:1 | Found an opulent altar of Gozag.
 69551 | Vaults:1 | Noticed hyperkahler's ghost (veteran MiFi)
 70273 | Vaults:1 | Found Buthaq's Assorted Antiques.
 71031 | Vaults:1 | Glimpsed the power of Zot.
 71766 | Vaults:2 | Noticed Mara
 71784 | Vaults:2 | Noticed LynnLen's illusion
 72163 | Vaults:2 | Identified the +6 chain mail of the Lily {Contam Will+
                  | Str+3}
 74848 | Vaults:2 | Identified the +10 plate armour of the Saviour {Rampage
                  | *Corrode Fly rElec}
 75418 | Vaults:2 | Found a staircase to the Crypt.
 75565 | Vaults:2 | Found Wedgheq's Magic Scroll Shoppe.
 75702 | Vaults:2 | Noticed Zenata
 76123 | Vaults:2 | Killed Zenata
 76641 | Vaults:2 | Noticed LynnLen's illusion
 76655 | Vaults:2 | Noticed LynnLen's illusion
 76664 | Vaults:2 | Noticed LynnLen's illusion
 76903 | Vaults:2 | Killed Mara
 77169 | Vaults:2 | Found a radiant altar of Vehumet.
 77178 | Vaults:2 | Identified the +0 hat of Veeps {*Corrode rN+++ Int+4}
 77184 | Vaults:2 | Identified the +0 robe of Gugig {+Blink rElec Str-4 Int+7}
 77628 | Vaults:3 | Reached skill level 21 in Dodging
 78927 | Vaults:3 | Got the Codex of Detritus
 78938 | Vaults:3 | Learned a level 6 spell: Iron Shot
 78948 | Vaults:3 | Learned a level 8 spell: Lehudib's Crystal Spear
 79422 | Vaults:3 | Reached XP level 20. HP: 122/122 MP: 20/43
 79623 | Vaults:3 | Acquired 505 gold pieces
 80982 | Vaults:3 | Noticed a dread lich
 80984 | Vaults:3 | Killed a dread lich
 84628 | Vaults:5 | Entered Level 5 of the Vaults
 84670 | Vaults:5 | Found the +1 robe of Vines {NoPotionHeal Regen++++}
 85318 | Vaults:5 | Noticed Sojobo
 85323 | Vaults:5 | HP: 5/123 [sphinx/divine providence (15)]
 85388 | Vaults:5 | Noticed an ancient lich
 85452 | Vaults:5 | Identified the +9 longbow of the Destroying Fulmar {heavy,
                  | rC+ rCorr Int+2 Dex-3}
 85480 | Vaults:5 | Identified the ring "Wemuke" {Fly rF+ Will+ Int+2 Dex+2}
 85480 | Vaults:5 | HP: 1/119 [vault warden/bolt (32)]
 85683 | Vaults:5 | Noticed an ancient lich
 85687 | Vaults:5 | Noticed a golden dragon
 86087 | Vaults:4 | Killed a golden dragon
 86277 | Vaults:5 | an alligator snapping turtle changed into a golden dragon
 86277 | Vaults:5 | Noticed a golden dragon (glowing shapeshifter)
 86354 | Vaults:5 | an iron giant changed into a caustic shrike
 86354 | Vaults:5 | Noticed a caustic shrike (glowing shapeshifter)
 86400 | Vaults:5 | Noticed a dread lich
 86818 | D:13     | Noticed Irphioq's ghost (journeyman MiMo)
 86840 | D:13     | Found a one-way gate to the infinite horrors of the Abyss.
 87343 | D:5      | Killed tizbic2's ghost
 88200 | Lair:2   | Killed pop123321pop's ghost
 88876 | Snake:1  | Reached skill level 22 in Dodging
 88971 | Snake:1  | Identified the +3 shortbow of the Shifting Vulture {speed,
                  | rC+}
 89837 | Snake:1  | Killed Demyinn's ghost
 90051 | Snake:2  | Killed TekDriveTruck's ghost
 90756 | Orc:1    | Killed ShellytheWitch's ghost
 91054 | Orc:1    | Identified the +2 robe "Poyttuz" {+Blink +Inv Slay-4 SInv}
 91360 | Vaults:1 | Bought a scroll of vulnerability for 84 gold pieces
 91360 | Vaults:1 | Bought 2 scrolls of teleportation for 126 gold pieces
 91360 | Vaults:1 | Bought a scroll of amnesia for 84 gold pieces
 91360 | Vaults:1 | Bought a scroll of fear for 84 gold pieces
 91360 | Vaults:1 | Bought a scroll of teleportation for 63 gold pieces
 91360 | Vaults:1 | Bought a scroll of magic mapping for 157 gold pieces
 91360 | Vaults:1 | Bought a scroll of blinking for 157 gold pieces
 91538 | Vaults:2 | Bought a scroll of fear for 48 gold pieces
 91538 | Vaults:2 | Bought a scroll of magic mapping for 90 gold pieces
 91538 | Vaults:2 | Bought a scroll of teleportation for 36 gold pieces
 92585 | Vaults:1 | Bought a potion of brilliance for 136 gold pieces
 92585 | Vaults:1 | Bought a scroll of vulnerability for 136 gold pieces
 92585 | Vaults:1 | Bought a potion of attraction for 102 gold pieces
 92585 | Vaults:1 | Bought a potion of curing for 102 gold pieces
 92587 | Vaults:1 | Bought a scorched bone amulet for 170 gold pieces
 92587 | Vaults:1 | Identified the amulet "Xokeutre" {RegenMP Stlth+} (You
                  | bought it in a shop on level 1 of the Vaults)
 92820 | Orc:2    | Bought a ring of wizardry for 480 gold pieces
 93233 | Slime:1  | Entered Level 1 of the Pits of Slime
 94122 | Slime:2  | Noticed Dissolution
 94395 | Slime:3  | Reached XP level 21. HP: 127/127 MP: 44/44
 95004 | Slime:3  | Killed from afar by an acid blob

Illustrated notes

Levels and vault maps discovered:
D:1:      lordsloth_arrival_two_stooges, layout_loops_corners, serial_shops,
          nicolae_shop_window_shopping, grunt_decor_arrowhead
D:2:      layout_loops_cross, hellmonk_ecumenical_altar_slurped_away,
          minmay_pentomino_x4
D:3:      layout_loops_ring, gup_sewer_entry_glass, uniq_jessica, uniq_ijyb,
          uniq_crazy_yiuf_cottage, uniq_terence
D:4:      layout_loops_ring, xom_confusion_cloud
D:5:      layout_basic, kiku_gazebo_garden_becter, gammafunk_ghost_mausoleum,
          minmay_liquid_box, skrybe_limestone_x
D:6:      lemuel_insect_pit, layout_loops_ring, minmay_temple_entry_poolview,
          abandoned_shop, uniq_duvessa
D:7:      layout_cave_pods, nicolae_shop_distant_corner_stores, uniq_pikel,
          uniq_maggie
D:8:      layout_basic, elyvilon_altar_4, nzn_wu_jian_council_hall,
          erik_lair_island, enter_bailey_5
D:9:      minmay_the_grid_triangle_9x9_rhombus_full
          [minmay_the_grid_triangle_9x9_alien,
          minmay_the_grid_triangle_9x9_odd_lines,
          minmay_the_grid_triangle_9x9_corrupted_corridor,
          minmay_the_grid_triangle_9x9_semitri,
          minmay_the_grid_triangle_9x9_descending_squares,
          minmay_the_grid_triangle_9x9_zippers_horizontal,
          minmay_the_grid_triangle_9x9_sparse_checkered,
          minmay_the_grid_triangle_9x9_prize_schism], layout_stronghold,
          kennysheep_just_a_vault, uniq_amaemon
D:10:     layout_roguey, grunt_temple_overflow_open, lemuel_flame_loot_1
D:11:     layout_basic
D:12:     layout_loops_ring, david_orc_1_choice, serial_shops, shop,
          hangedman_abyss_or_decor_stagger
D:13:     layout_basic, erik_vaults_2, gammafunk_ghost_abyssal_escape,
          serial_shops, shop
D:14:     layout_stronghold, fedhas_altar_2, kennysheep_generic_room_2,
          uniq_louise, uniq_josephine
D:15:     hangedman_depths_entry_try_elsewhere_first, layout_irregular_city,
          minmay_misc_feat_doors, tso_altar
Temple:   eino_narrow_crystal_temple
Lair:1:   beast_lair_carwin_large_2, layout_layer_cave, lemuel_fruit_fields,
          infiniplex_staircase_pool_2, grunt_megastairs_5
Lair:2:   layout_layer_cave, nzn_ghost_randoct
Lair:3:   layout_cave_pods, skrybe_swamp_entry_bodies,
          nicolae_snake_entry_warm_welcome, grunt_megastairs_1
Lair:4:   layout_small_grid, portal_ice_cave_entry_ice_simulacra,
          chequers_serial_rivers_marsh
Lair:5:   grunt_lair_end_beastmaster, layout_gridlike, dpeg_slime_entry_corner,
          eino_small_chamber_without_monster
Swamp:1:  nicolae_swamp_long_stream, layout_basic_swamp, hangedman_swamp_pad,
          swamp_pool4, infiniplex_staircase_pool
Swamp:2:  layout_basic_swamp, nicolae_swamp_round_clearing
Swamp:3:  layout_basic_swamp, evilmike_swamp_ruin_house_1
Swamp:4:  swamp_old_school, layout_basic_swamp, swamp_pool4
Snake:1:  onia_ninara_swampy_vault, layout_basic, gammafunk_ghost_necromancy,
          nicolae_snake_double_loop
Snake:2:  layout_misc_corridors, serial_shops, bzr_entry_dummy, shop, shop,
          nicolae_shop_tiny_real_fake_doors, basic_altar,
          ebering_ghost_reflecting_pool, nicolae_snake_salamander_jacuzzi,
          lemuel_fruit_tree, uniq_nikola, uniq_vashnia
Snake:3:  layout_cave_shapes, grunt_ministairs_7, grunt_megastairs_2
Snake:4:  snake_pit_salamanders_mu, layout_cave_town, serial_shops,
          bzr_entry_dummy, lemuel_oklob_altar
Slime:1:  layout_caves, nicolae_slime_barrier
Slime:2:  layout_caves, uniq_dissolution
Slime:3:  layout_caves, nicolae_slime_rock_hall_of_fame
Slime:4:  layout_caves, special_room [special_room_jelly],
          nicolae_slime_phagocytosis
Orc:1:    layout_caves, biasface_ghost_orc_armoury, basic_altar
Orc:2:    st_orc_congregation, layout_diamond_mine, minmay_orc_barracks
Vaults:1: ebering_ghost_gozag, vaults_room_corners, ontoclasm_vaults_gateway,
          hangedman_vaults_cutoff, nicolae_vaults_network_quinsquares
          [nicolae_vaults_network_quincunx_subvault,
          nicolae_vaults_network_quincunx_subvault,
          nicolae_vaults_network_quincunx_subvault,
          nicolae_vaults_network_quincunx_subvault], vaults_dpeg_doors,
          nicolae_vaults_closet_pinwheel_6, hangedman_vaults_snaps,
          nicolae_vaults_closet_pinwheel_3, nicolae_vaults_double_plus_1,
          vaults_room_ringed_pool, ontoclasm_vaults_echo,
          vaults_dpeg_emergency_exit, layout_vaults_omnibox, serial_shops, shop
Vaults:2: grunt_tower_of_power, nicolae_vaults_spaceships, v_alt_pattern_3,
          nicolae_vaults_closet_pinwheel_1, nicolae_vaults_little_squares_6,
          minmay_crypt_entry_vampire_xt, nicolae_vaults_weapon_check,
          ontoclasm_vaults_bender, vaults_dpeg_ring, v_misc_18,
          nicolae_vaults_closet_pinwheel_4, layout_vaults_omnicross,
          serial_shops, nicolae_shop_peninsula, uniq_zenata, uniq_mara
Vaults:3: hangedman_vaults_stitches, nicolae_vaults_heist,
          ontoclasm_vaults_fault, grunt_vaults_diagonal,
          hangedman_vaults_cutoff, vaults_standard_mumra_x,
          nicolae_vaults_two_Ls, nicolae_vaults_double_plus_2,
          nicolae_vaults_mini_display_case, vaults_mumra_hexcomb,
          layout_vaults_chaotic_city
Vaults:4: v_misc_13, vaults_room_semicircle, nicolae_vaults_shrinking_rooms_2,
          v_rooms_5, nicolae_vaults_sesquioval_fish, v_alt_pattern_6,
          layout_vaults_omnigrid, uniq_margery
Vaults:5: uniq_sojobo

Skill      XL: |  1  2  3  4  5  6  7  8  9 10 11 12 13 14 15 16 17 18 19 20 21 |
---------------+----------------------------------------------------------------+-----
Hexes          | 4 5 6 8 9 |  9.4
Dodging        | 3 4 5 7 8 11 13 14 16 17 19 20 21 22 | 22.2
Short Blades   | 2 3 4 5 6 8 9 10 | 10.0
Spellcasting   | 3 4 5 6 13 14 15 16 17 18 | 18.9
Fighting       | 1 2 3 4 5 6 8 9 10 11 12 13 14 | 14.5
Stealth        | 5 6 7 9 10 12 13 14 15 16 17 18 19 20 | 20.3
Necromancy     | 1 2 3 4 5 6 |  6.7
Earth Magic    | 1 2 3 4 5 7 8 |  8.0
Transmutations | 1 5 |  5.3
Invocations    | 3 5 6 7 8 9 |  9.0
Air Magic      | 3 4 6 7 8 |  8.2
Fire Magic     | 3 4 5 6 |  6.2
Conjurations   | 2 4 5 6 7 |  7.7

Action                     |  1- 3 |  4- 6 |  7- 9 | 10-12 | 13-15 | 16-18 | 19-21 || total
---------------------------+-------+-------+-------+-------+-------+-------+-------++-------
  Melee: Dagger            |    78 |   147 |   231 |   542 |   559 |       |       ||  1557
         Punch             |       |     3 |     4 |     7 |    29 |    11 |    28 ||    82
         Quick blade       |       |       |       |       |  1209 |   703 |   733 ||  2645
         Headbutt          |       |       |       |       |       |    56 |   294 ||   350
   Cast: Ensorcelled Hiber |    19 |    60 |    61 |   106 |   155 |   197 |    24 ||   622
         Confusing Touch   |     1 |     2 |    12 |    43 |    58 |    35 |    19 ||   170
         Tukima's Dance    |       |       |    38 |    41 |   144 |    55 |    18 ||   296
         Sublimation of Bl |       |       |     1 |       |     2 |       |       ||     3
         Borgnjor's Vile C |       |       |       |       |    52 |   167 |   212 ||   431
         Yara's Violent Un |       |       |       |       |    22 |    25 |     8 ||    55
         Fulminant Prism   |       |       |       |       |       |     7 |       ||     7
         Fireball          |       |       |       |       |       |   350 |   302 ||   652
         Iron Shot         |       |       |       |       |       |       |    35 ||    35
         Conjure Ball Ligh |       |       |       |       |       |       |    19 ||    19
 Invoke: Shadow Step       |       |       |       |       |       |       |     5 ||     5
         Shadow Form       |       |       |       |       |       |       |     1 ||     1
  Evoke: Wand              |       |       |       |     5 |       |     1 |     4 ||    10
    Use: Scroll            |     4 |     1 |     5 |    21 |    12 |    11 |    22 ||    76
         Potion            |       |     2 |     1 |     4 |     4 |    11 |    15 ||    37
   Stab: Sleeping          |    26 |    33 |    57 |    93 |   166 |   135 |    75 ||   585
         Invisible         |       |     2 |     3 |       |     1 |       |    10 ||    16
         Confused          |       |     1 |    10 |    31 |    80 |    39 |    17 ||   178
         Distracted        |       |       |       |     2 |    12 |     5 |     2 ||    21
         Petrified         |       |       |       |       |     5 |       |       ||     5
         Fleeing           |       |       |       |       |       |       |     1 ||     1
 Armour: Robe              |     8 |     7 |    12 |       |       |       |       ||    27
         Steam dragon scal |       |       |     4 |    39 |   121 |    59 |    38 ||   261
  Dodge: Dodged            |    64 |   106 |   100 |   287 |   757 |   560 |   582 ||  2456
  Block: Other             |       |     7 |    60 |   140 |   308 |   211 |   165 ||   891
